 Dungeon Crawl Stone Soup version 0.27-a0-1006-g1fd4cec11e (webtiles) character file.

Game seed: 4785128825350581492

1061 siradein the Carver (level 8, 0/56 HPs)
             Began as a Demonspawn Gladiator on Apr 17, 2021.
             Splashed by Pikel's acid (5 damage)
             ... on level 4 of the Dungeon.
             The game lasted 00:23:04 (5879 turns).

siradein the Carver (Demonspawn Gladiator)          Turns: 5879, Time: 00:23:05

Health: 0/56       AC: 12    Str: 16    XL:     8   Next: 6%
Magic:  8/8        EV: 12    Int: 10    God:
Gold:   271        SH:  0    Dex: 15    Spells: 7/7 levels left

rFire    + . .     SeeInvis .   n - +0 falchion (drain)
rCold    . . .     Faith    .   (no shield)
rNeg     . . .     Spirit   .   k - +0 chain mail
rPois    .         Reflect  .   c - +0 helmet
rElec    .         Harm     .   (no cloak)
rCorr    .         Rampage  +   (no gloves)
Will     .....                  p - +2 pair of boots {rampage}
Stlth    ..........             (no amulet)
HPRegen  0.18/turn              l - ring of protection from fire
MPRegen  0.11/turn              (no ring)

@: agile
A: hooves 2, demonic guardian 1, powered by pain 1
a: no special abilities


You were on level 4 of the Dungeon.
You visited 1 branch of the dungeon, and saw 6 of its levels.

You collected 271 gold pieces.

Inventory:

Hand Weapons
 n - a +0 falchion of draining (weapon)
 v - a +2 rapier of flaming
Missiles
 d - 4 throwing nets (quivered)
 g - 25 poisoned darts
Armour
 c - a +0 helmet (worn)
 k - a +0 chain mail (worn)
 p - a +2 pair of boots of rampaging (worn)
Jewellery
 l - a ring of protection from fire (left hand)
Wands
 s - a wand of polymorph (1)
Scrolls
 b - a scroll of vulnerability {unknown}
 h - a scroll of blinking {unknown}
 i - a scroll of enchant weapon {unknown}
 j - 3 scrolls of teleportation {unknown}
 q - a scroll of identify {unknown}
 r - a scroll of enchant armour {unknown}
 t - a scroll of amnesia {unknown}
 w - a scroll of fog {unknown}
Potions
 a - 4 potions of curing {unknown}
 e - 2 potions of lignification {unknown}
 f - a potion of attraction {unknown}
 m - 2 potions of mutation {unknown}
 o - a potion of might {unknown}
 u - a potion of cancellation {unknown}


   Skills:
 - Level 2.0 Fighting
 + Level 9.1 Long Blades
 - Level 1.7 Throwing
 - Level 2.6 Dodging


You had 7 spell levels left.
You didn't know any spells.
Your spell library contained the following spells:

 Spells                   Type           Power      Damage    Failure   Level
 Magic Dart               Conj           0%         1d3       100%        1
 Blink                    Tloc           N/A        N/A       100%        2
 Call Imp                 Summ           0%         N/A       100%        2
 Slow                     Hex            0%         N/A       100%        2
 Conjure Flame            Conj/Fire      0%         6-21      100%        3
 Mephitic Cloud           Conj/Pois/Air  0%         N/A       100%        3


Dungeon Overview and Level Annotations

Branches:
Dungeon (6/15)             Temple (0/1) D:6

Altars:
Elyvilon
Gozag
Ru

Annotations:
D:4 Pikel


Innate Abilities, Weirdness & Mutations

You have hoof-like feet.
A weak demonic guardian rushes to your aid.
You sometimes gain a little power by taking damage.


Message History

Pikel cracks his whip.
Pikel zaps a wand.
The bolt of acid hits you. The acid corrodes you!
You are splashed with acid!
You see here an adder skeleton.
There is a sacrificial altar of Ru here.
A jackal comes into view.
The jackal barks!
A jackal comes into view.
The jackal barks!
You miss the jackal. The jackal barely misses you.
A lemure comes into view.
The lemure barely misses you.
You barely miss the jackal. The jackal barely misses you. x2
The lemure hits you!
You barely miss the jackal. The jackal barely misses you.
You riposte.
You slash the jackal!
You kill the jackal!
The jackal bites you but does no damage.
The lemure hits you but does no damage. The jackal completely misses you.
You riposte.
Your chain mail prevents you from hitting the jackal.
The jackal closely misses you.
You riposte.
You hit the jackal but do no damage. You drain the jackal.
The jackal is severely wounded.
The lemure hits you.
You see here a jackal corpse.
You are no longer corroded.
Found a scroll labelled TOEMPI EGIRYI.
The jackal barely misses you.
You see here a scroll labelled TOEMPI EGIRYI.
The jackal bites you but does no damage.
Pikel zaps a wand.
The bolt of acid hits the jackal!!
The jackal is splashed with acid!
The jackal dies!
The bolt of acid hits you!
* * * LOW HITPOINT WARNING * * *
A demonic guardian appears!
You focus on the pain.
You feel agile all of a sudden.
You are splashed with acid.
You die...

.5..... #....# .... #.#.#
## #.#5. #. ####.. ## #.##.
#. #... .. #. #.##. #.#
####.###.# #. #.##. ..
#..?†5@..# #####.##.#.# #.
#K##.##................
#.###†##.#.................
#..5K........#######.##.##.
#.5####5####..####.....5##.
#..##.....##............##.
#..#...÷...#....#....>.5...
#..#.......#..#.##.....K###
#......K5.÷...#.##......#


You could see Pikel (ally target) and a friendly ufetubus (summoned).

Vanquished Creatures
  A black bear (D:5)
  A sky beast (D:5)
  A necrophage (D:5)
  A centaur (D:5)
  3 scorpions (D:5)
  A water moccasin skeleton (D:5)
  A howler monkey (D:5)
  3 jellies (D:5)
  An orc priest (D:3)
  A centaur skeleton (D:5)
  2 iguanas (D:5)
  5 orc wizards
  A hound zombie (D:5)
  3 adders
  2 white imps (D:5)
  A worm (D:3)
  A dart slug (D:2)
  15 orcs
  A ball python (D:2)
  3 bats (D:3)
  4 endoplasms
  2 giant cockroaches (D:2)
  A goblin (D:3)
  2 hobgoblins
  2 jackals (D:4)
  A kobold (D:3)
  3 quokkas
  3 frilled lizards
  3 rats
69 creatures vanquished.

Vanquished Creatures (collateral kills)
  An orc priest (D:3)
  An adder (D:3)
2 creatures vanquished.

Vanquished Creatures (others)
  A jackal (D:4)
1 creature vanquished.

Grand Total: 72 creatures vanquished

Notes
Turn   | Place    | Note
-------+----------+-------------------------------------------
     0 | D:1      | siradein the Demonspawn Gladiator began the quest for the
                  | Orb.
     0 | D:1      | Reached XP level 1. HP: 16/16 MP: 1/1
   192 | D:1      | Found a faded altar of an unknown god.
   420 | D:1      | Reached skill level 3 in Long Blades
   888 | D:2      | Gained mutation: A weak demonic guardian rushes to your
                  | aid. [demonic ancestry]
   888 | D:2      | Reached XP level 2. HP: 22/22 MP: 2/2
  1562 | D:3      | Gained mutation: You have large cloven feet. [demonic
                  | ancestry]
  1562 | D:3      | Reached XP level 3. HP: 10/27 MP: 3/3
  1770 | D:3      | Reached skill level 4 in Long Blades
  1948 | D:3      | Reached XP level 4. HP: 30/33 MP: 4/4
  2018 | D:3      | Found an opulent altar of Gozag.
  2497 | D:3      | Reached skill level 5 in Long Blades
  2514 | D:3      | Reached XP level 5. HP: 18/36 MP: 5/5
  3560 | D:4      | Found a sacrificial altar of Ru.
  3664 | D:4      | Noticed Pikel
  3664 | D:4      | Noticed a lemure
  3664 | D:4      | Noticed a lemure
  3678 | D:5      | Entered Level 5 of the Dungeon
  3712 | D:5      | Reached skill level 6 in Long Blades
  3904 | D:5      | Gained mutation: You sometimes gain a little power by
                  | taking damage. [demonic ancestry]
  3904 | D:5      | Reached XP level 6. HP: 37/44 MP: 6/6
  4196 | D:5      | Reached skill level 7 in Long Blades
  4196 | D:5      | Noticed a sky beast
  4248 | D:5      | Killed a sky beast
  4249 | D:5      | Reached XP level 7. HP: 38/50 MP: 7/7
  4629 | D:5      | Reached skill level 8 in Long Blades
  5364 | D:5      | Reached skill level 9 in Long Blades
  5364 | D:5      | Gained mutation: You have hoof-like feet. [demonic
                  | ancestry]
  5364 | D:5      | Reached XP level 8. HP: 55/56 MP: 8/8
  5806 | D:6      | Found a staircase to the Ecumenical Temple.
  5806 | D:6      | Noticed a six-headed hydra
  5879 | D:4      | Splashed by Pikel's acid

Illustrated notes

Levels and vault maps discovered:
D:1:      nicolae_arrival_memento_mori, layout_loops_ring,
          ebering_ecumenical_altar_box
D:2:      layout_rooms
D:3:      layout_loops_ring, lemuel_round_altar, elyvilon_altar_1,
          minmay_misc_feat_square, dk_noncrumbling_4
D:4:      layout_loops_ring, old_standard_altar, st_stairs_12,
          kennysheep_opposing_triangles, uniq_pikel
D:5:      layout_basic, minmay_increasing_density
D:6:      minmay_general_purpose_star, layout_basic, amcnicky_altar_gilded,
          cheibriados_altar_1, minmay_temple_entry_drinking_statues,
          grunt_ministairs_10, doesnt_shop_hydraphobe

Skill      XL: |  1  2  3  4  5  6  7 |
---------------+----------------------+-----
Long Blades    | 3 4 5 6 7 9 |  9.1
Fighting       | |  2.0
Throwing       | |  1.7
Dodging        | |  2.6

Action                   |  1- 3 |  4- 6 |  7- 9 || total
-------------------------+-------+-------+-------++-------
Melee: Long sword        |    76 |    49 |       ||   125
       Falchion          |       |   104 |   100 ||   204
 Stab: Sleeping          |     1 |       |       ||     1
Armor: Leather armour    |     4 |       |       ||     4
       Scale mail        |     3 |       |       ||     3
       Chain mail        |    36 |   110 |    76 ||   222
Dodge: Dodged            |    19 |    47 |    33 ||    99
       Rpst.: Long sword |     5 |    11 |       ||    16
       Falchion          |       |     7 |     8 ||    15

Table legend: (Time is in decaauts)
 A = Elapsed time spent in this place.
 B = Non-inter-level travel time spent in this place.
 C = Inter-level travel time spent in this place.
 D = Time resting spent in this place.
 E = Time spent auto-exploring this place.
 F = Levels seen in this place.
 G = Mean time per level.
                   A        B        C        D        E       F      G
               +--------+--------+--------+--------+--------+-----+--------+
         Total |   5889 |   5720 |    169 |     73 |   4770 |   6 |  981.5 |
       Dungeon |   5889 |   5720 |    169 |     73 |   4770 |   6 |  981.5 |
               +--------+--------+--------+--------+--------+-----+--------+

Top non-repeatable levels by time:
     D:3: 2217 daAuts
     D:5: 2121 daAuts
     D:1: 810 daAuts
     D:2: 459 daAuts
     D:4: 255 daAuts
     D:6: 25 daAuts
